 Seeded DCSS version 0.30-a0-743-gbfdf073431 (webtiles) character file.

Game seed: 18430768202825038846 (custom seed)

84619 timneilson the Protected (level 15, -3/93 HPs)
             Began as a Gargoyle Fighter on Feb 6, 2023.
             Was a High Priest of Okawaru.
             Killed from afar by SirDiesAlot's ghost (12 damage)
             ... with a stone arrow
             ... on level 1 of the Orcish Mines on Feb 7, 2023.
             The game lasted 00:54:23 (19880 turns).

timneilson the Protected (Gargoyle Fighter)        Turns: 19880, Time: 00:54:23

Health: -3/93      AC: 47    Str: 22    XL:     15   Next: 81%
Magic:  1/21       EV: 11    Int:  7    God:    Okawaru [*****.]
Gold:   1794       SH: 10    Dex: 19    Spells: 14/14 levels left

rFire   + + .      SeeInvis +    M - +6 double sword "Dilideh" {speed, rElec rF+ Dex+2}
rCold   + . .      Faith    .    c - +0 buckler
rNeg    + . .      Spirit   .    i - +7 gold dragon scales
rPois   ∞          Reflect  .    V - +1 hat {Stlth+}
rElec   +          Harm     .    F - +0 cloak
rCorr   +          Rampage  .    e - +0 pair of gloves {Str+3}
Will    +....                    D - +0 pair of boots Stlth
                                 j - amulet of Xuwnyhei {RegenMP +Inv rC- Regen+}
HPRegen 1.15/turn                J - ring of Hazxijimn {rC+ Int-4 Dex+2 Slay+4 SInv}
MPRegen 0.57/turn                s - ring of resist corrosion

@: heroic, flying
A: sickness immunity, AC +11, big wings, negative energy resistance 1,
electricity resistance, torment resistance 1, petrification resistance
a: Renounce Religion, Evoke Invisibility, Heroism, Finesse, Duel


You were on level 1 of the Orcish Mines.
You worshipped Okawaru.
Okawaru was extremely pleased with you.
You visited 4 branches of the dungeon, and saw 21 of its levels.
You also visited: Ossuary and Gauntlet.

You collected 2879 gold pieces.
You spent 1085 gold pieces at shops.

Inventory:

Hand Weapons
 G - a +2 scimitar of flaming
 M - the +6 double sword "Dilideh" (weapon) {speed, rElec rF+ Dex+2}
   (You acquired it on level 13 of the Dungeon)

   Dex:       It affects your dexterity (+2).
   rF:        It protects you from fire.
   rElec:     It insulates you from electricity.
 Q - the +11 scimitar of the Spectre {drain, Str+5}
   (You took it off a minotaur in a Gauntlet)

   Str:       It affects your strength (+5).
Missiles
 w - 2 throwing nets (quivered)
Armour
 c - a +0 buckler (worn)
 e - a +0 pair of gloves of strength (worn)
 i - +7 gold dragon scales (worn)
 D - a +0 pair of boots (worn)
 F - a +0 cloak (worn)
 V - a +1 hat of stealth (worn)
Jewellery
 g - the ring "Buem" {Fly rF- rC+ rCorr Str+3}
   (You found it on level 8 of the Dungeon)

   [ring of resist corrosion]

   Str:       It affects your strength (+3).
   rF:        It makes you vulnerable to fire.
   rC:        It protects you from cold.
   Fly:       It grants you flight.
   rCorr:     It protects you from acid and corrosion.
 j - the amulet of Xuwnyhei (around neck) {RegenMP +Inv rC- Regen+}
   (You found it in a Gauntlet)

   [amulet of magic regeneration]

   It increases your rate of magic regeneration.
   rC:        It makes you vulnerable to cold.
   +Inv:      It lets you turn invisible.
   Regen:     It increases your rate of health regeneration.
 s - a ring of resist corrosion (right hand)
 J - the ring of Hazxijimn (left hand) {rC+ Int-4 Dex+2 Slay+4 SInv}
   (You acquired it on level 12 of the Dungeon)

   [ring of slaying]

   Int:       It affects your intelligence (-4).
   Dex:       It affects your dexterity (+2).
   Slay:      It affects your accuracy & damage with ranged weapons and melee
   (+4).
   rC:        It protects you from cold.
   SInv:      It lets you see invisible.
 N - a +6 ring of dexterity
Wands
 v - a wand of roots (6)
 B - a wand of paralysis (10)
 C - a wand of flame (21)
 E - a wand of digging (3)
 K - a wand of acid (27)
Scrolls
 a - a scroll of magic mapping
 m - 6 scrolls of enchant weapon
 n - 2 scrolls of silence
 q - 12 scrolls of teleportation
 t - 2 scrolls of blinking
 u - 4 scrolls of fog
 y - 2 scrolls of fear
 A - 2 scrolls of poison
 P - 2 scrolls of identify
 T - a scroll of amnesia
Potions
 d - 4 potions of resistance
 f - 7 potions of curing
 h - 3 potions of haste
 k - 6 potions of attraction
 o - 4 potions of might
 r - 3 potions of berserk rage
 z - 5 potions of mutation
 I - 2 potions of ambrosia
 L - 2 potions of invisibility
Miscellaneous
 b - a tin of tremorstones (2/2)
 H - a condenser vane
 U - a lightning rod (4/4)


   Skills:
 + Level 10.6(15.6) Fighting
 * Level 12.0(17.0) Long Blades
 * Level 14.3(19.3) Armour
 + Level 7.5(12.5) Dodging
 * Level 14.2(19.2) Shields
 + Level 8.9 Invocations
 + Level 8.0 Evocations


You had 14 spell levels left.
You didn't know any spells.
Your spell library contained the following spells:

 Spells                   Type           Power      Damage    Failure   Level
 Freeze                   Ice            0%         1d3       100%        1
 Sting                    Tmut/Pois      0%         1d3       100%        1
 Poisonous Vapours        Pois/Air       0%         N/A       100%        2
 Frozen Ramparts          Ice            0%         1d1       100%        3
 Hailstorm                Conj/Ice       0%         3d3       100%        3
 Mephitic Cloud           Conj/Pois/Air  0%         N/A       100%        3
 Portal Projectile        Hex/Tloc       0%         N/A       100%        3
 Airstrike                Air            0%         2d(0-16)  100%        4
 Anguish                  Hex/Necr       0%         N/A       100%        4
 Manifold Assault         Tloc           0%         N/A       100%        4
 Olgreb's Toxic Radiance  Pois           0%         N/A       100%        4
 Petrify                  Tmut/Erth      0%         N/A       100%        4
 Blade Hands              Tmut           0%         N/A       100%        5
 Freezing Cloud           Conj/Ice/Air   0%         6-21      100%        5
 Irradiate                Conj/Tmut      0%         3d11      100%        5
 Lightning Bolt           Conj/Air       0%         1d11      100%        5
 Yara's Violent Unravell  Hex/Tmut       0%         3d3       100%        5
 Dispersal                Tloc           0%         N/A       100%        6
 Enfeeble                 Hex            0%         N/A       100%        7
 Disjunction              Tloc           0%         N/A       100%        8
 Polar Vortex             Ice            0%         N/A       100%        9
 Cigotuvi's Dreadful Rot  Necr/Pois/Air  Unusable   N/A       N/A         2
 Sublimation of Blood     Necr           Unusable   N/A       N/A         2
 Tukima's Dance           Hex            Unusable   N/A       N/A         3
 Summon Lightning Spire   Summ/Air       Unusable   N/A       N/A         4
 Simulacrum               Ice/Necr       Unusable   N/A       N/A         6

Dungeon Overview and Level Annotations

Branches:
Dungeon (13/15)            Temple (1/1) D:6            Lair (5/5) D:8
  Swamp (0/4) Lair:3        Snake (0/4) Lair:3        Slime (0/5) Lair:4
    Orc (2/2) D:12            Elf (0/3) Orc:2       Ossuary (visited)
Gauntlet (visited)
 Vaults: D:13-14

Altars:
Ashenzari
Cheibriados
Dithmenos
Elyvilon
Fedhas
Gozag
Hepliaklqana
Kikubaaqudgha
Makhleb
Nemelex Xobeh
Okawaru
Qazlal
Ru
Sif Muna
Trog
Uskayaw
Vehumet
Wu Jian
Xom
Yredelemnul
Zin
The Shining One
Jiyva
Lugonu

Shops:
D:8 [   Orc:2 *([*

Annotations:
D:13 3 runed translucent doors, Buphadet's ghost, journeyman AtBe
Orc:1 1 transporter, SirDiesAlot's ghost, journeyman DsAr


Innate Abilities, Weirdness & Mutations

You are immune to sickness and miasma.
Your stone body is resilient. (AC +11)
You are immune to poison.
Your large and strong wings let you fly.
You resist negative energy. (rN+)
You are resistant to electric shocks. (rElec)
You are resistant to unholy torment.
You are immune to petrification.


Message History

You kill the moth of wrath!
Okawaru accepts your kill.
The two-headed ogre hits you with a +0 giant club.
The two-headed ogre hits you but does no damage.
The orc knight hits you with a +1 antimagic broad axe!
You feel your power leaking away.
Your base Long Blades skill increases to level 12!
You slice the moth of wrath!!
The moth of wrath is heavily wounded.
You block the orc warrior's attack.
The moth of wrath goads the troll on!
The troll goes berserk!
You slice the moth of wrath!!
The moth of wrath is almost dead.
You block the troll's attack. The troll completely misses you.
The troll claws you but does no damage.
You slash the moth of wrath!
You kill the moth of wrath!
Okawaru accepts your kill. You block the orc warrior's attack.
The two-headed ogre barely misses you. x2
The orc knight hits you with a +1 antimagic broad axe!
You feel your power leaking away. You block the orc warrior's attack.
The orc warrior attacks as you move away!
The orc warrior misses you. The troll bites you but does no damage.
You block the troll's attack. x2
The orc warrior hits you with a +0 halberd!!
* * * LOW HITPOINT WARNING * * *
The orc warrior closely misses you. The troll closely misses you.
The troll claws you but does no damage. x2
You see here a moth of wrath corpse.
Blink to where?
Press: ? - help, Dir - move target
As you read the scroll of blinking, it crumbles to dust.
SirDiesAlot's ghost turns its malevolent gaze towards you.
You hear two shouts!
The orc warrior unwields a +0 hand axe.
The orc warrior wields a +0 arbalest.
The orc warrior shoots a bolt.
You block the bolt.
SirDiesAlot's ghost casts a spell at you.
The stone arrow hits you!
You die...

###................
###....©..........#..
#####....#####.......###.
##.##...###.©o###....#.##.
#...#..####.oOo.##......#.
##.....#W.###†§..#...#.###
##.....##..#≈To...##..### #
#......#..##.......#..#####
#......#..@.._)##.©#..##..#
#####....)#.###..[≈##.#..#....
##...##....##.#≈#.###.##..##...
#.....##....####....###...#...#
##...##.....###......##..#...#.
#......))....###...###.........
##.......).....#####...........
#................©.............
##.............................


You could see an orc knight, a troll (berserk), an orc warrior and SirDiesAlot's
ghost.

Vanquished Creatures
  Gastronok (Lair:2)
  A frost giant (D:13)
  An orc warlord (Orc:2)
  A stone giant (D:13)
  A war gargoyle (D:13)
  A minotaur (Gauntlet)
  A fire dragon (Lair:5)
  Harold (D:10)
  3 hydras
  An ice dragon (D:13)
  2 two-headed ogres
  Erica (D:8)
  3 boulder beetles
  A catoblepas (D:8)
  4 centaur warriors
  6 death yaks (Lair:5)
  3 orc high priests (Orc:2)
  A deep troll earth mage (D:13)
  Lodul (D:11)
  A fire crab (shapeshifter) (Gauntlet)
  A sixfirhy (D:9)
  A bog body (Lair:3)
  A lindwurm (Lair:5)
  6 orc knights
  4 orc sorcerers
  A deep elf pyromancer (D:12)
  A mana viper (shapeshifter) (D:13)
  4 cyclopes
  3 manticores
  3 ugly things
  2 moths of wrath (Orc:1)
  2 wolf spiders
  An oklob plant (Lair:4)
  14 elephants
  8 black mambas
  2 guardian serpents (shapeshifter) (Gauntlet)
  A guardian serpent (Lair:5)
  14 cane toads
  5 torpor snails (Lair:5)
  6 kobold demonologists
  An unseen horror (D:12)
  2 rime drakes
  A yaktaur (D:8)
  6 komodo dragons
  11 hornets
  3 trolls
  3 meliai (D:13)
  2 polar bears
  4 tyrant leeches (Lair:5)
  11 blink frogs
  Grinder (D:3)
  A dream sheep (shapeshifter) (D:13)
  Sigmund (D:2)
  3 flying skulls (Gauntlet)
  2 centaur simulacra (Gauntlet)
  A vampire (D:10)
  11 wyverns
  3 shadows
  A ynoxinul (D:9)
  37 yaks
  A basilisk (D:8)
  3 redbacks (Lair:5)
  A neqoxec (D:9)
  A chaos spawn (D:9)
  4 wargs
  9 vampire mosquitoes
  2 harpy simulacra (Gauntlet)
  A naga (D:6)
  19 water moccasins
  4 acid dragons
  A meliai simulacrum (Gauntlet)
  2 ice beasts
  2 black bears
  29 orc warriors
  11 wolves
  22 ogres
  A phantom (D:4)
  17 centaurs
  4 kobold brigands
  9 bullfrogs
  2 scorpions (D:5)
  A necrophage (D:8)
  A gnoll sergeant (D:6)
  7 wights
  2 water moccasin zombies (Ossuary)
  10 killer bees
  6 electric eels
  3 lava snakes (Lair:3)
  A quasit (D:9)
  7 hounds
  20 orc priests
  5 jellies
  Jessica (D:2)
  A gnoll bouda (D:9)
  Natasha (twice) (D:2)
  An iguana (D:5)
  21 orc wizards
  2 mummies (Ossuary)
  Robin (D:2)
  6 gnolls
  6 adders
  3 white imps
  4 ufetubi
  5 adder zombies (Ossuary)
  5 worms
  A dart slug (D:1)
  78 orcs
  17 endoplasms
  9 giant cockroaches
  3 gnoll zombies (Ossuary)
  12 hobgoblins
  5 jackals
  4 quokkas
  10 ball pythons
  7 bats
  3 frilled lizards
  16 goblins
  8 hobgoblin zombies (Ossuary)
  16 kobolds
  7 kobold zombies (Ossuary)
  5 orc zombies (Ossuary)
  7 rats
694 creatures vanquished.

Vanquished Creatures (others)
  A fire giant (D:13)
  2 orc wizards (D:5)
  11 demonic plants
  10 fungi
  25 plants
  4 withered plants (Gauntlet)
53 creatures vanquished.

Grand Total: 747 creatures vanquished

Notes
Turn   | Place    | Note
-------+----------+-------------------------------------------
     0 | D:1      | timneilson the Gargoyle Fighter began the quest for the
                  | Orb.
     0 | D:1      | Reached XP level 1. HP: 14/14 MP: 1/1
     0 | D:1      | Noticed a jelly
     1 | D:1      | Found a runed translucent door.
    99 | D:1      | Reached XP level 2. HP: 19/19 MP: 2/2
   572 | D:1      | Reached XP level 3. HP: 16/23 MP: 3/3
   773 | D:2      | Noticed Natasha
   780 | D:2      | Killed Natasha
   806 | D:2      | Reached XP level 4. HP: 24/28 MP: 4/4
   862 | D:2      | Noticed Sigmund
   893 | D:2      | Killed Sigmund
   894 | D:2      | Reached skill level 1 in Dodging
   894 | D:2      | Reached XP level 5. HP: 26/33 MP: 5/5
   894 | D:2      | Reached XP level 6. HP: 30/38 MP: 6/6
   894 | D:2      | Noticed Robin
   899 | D:2      | Killed Robin
   982 | D:2      | Noticed Jessica
   992 | D:2      | Killed Jessica
  1171 | D:2      | Found the +11 plutonium sword {Contam Stlth-}
  1198 | D:2      | Found a bloodstained altar of Trog.
  1198 | D:2      | Noticed Natasha
  1207 | D:2      | Killed Natasha
  1479 | D:3      | Noticed Grinder
  1481 | D:3      | Paralysed by Grinder for 5 turns
  1499 | D:3      | Paralysed by Grinder for 4 turns
  1507 | D:3      | Killed Grinder
  1508 | D:3      | Reached skill level 5 in Armour
  1508 | D:3      | Reached skill level 5 in Shields
  1508 | D:3      | Reached XP level 7. HP: 26/44 MP: 7/7
  1597 | D:3      | Found a faded altar of an unknown god.
  1600 | D:3      | Found a broken altar of Ashenzari.
  2550 | D:4      | Found a hide-covered altar of Uskayaw.
  2841 | D:4      | Reached skill level 1 in Evocations
  2925 | D:5      | Entered Level 5 of the Dungeon
  2943 | D:5      | Reached XP level 8. HP: 48/48 MP: 8/8
  3657 | D:5      | Reached skill level 5 in Fighting
  4416 | D:5      | Reached skill level 5 in Long Blades
  4446 | D:6      | Noticed a yak
  4453 | D:6      | Noticed a yak
  4455 | D:6      | Noticed a yak
  4463 | D:6      | Killed a yak
  4472 | D:6      | Killed a yak
  4473 | D:6      | Reached XP level 9. HP: 43/54 MP: 9/9
  4486 | D:6      | Found a staircase to the Ecumenical Temple.
  4510 | Temple   | Entered the Ecumenical Temple
  4649 | Temple   | Became a worshipper of Warmaster Okawaru
  5543 | D:7      | Found an ornate altar of the Wu Jian Council.
  5678 | D:7      | Noticed Maggie
  5700 | D:6      | Maggie changed into Maggie the naga
  5700 | D:6      | Noticed Maggie
  5710 | D:6      | Reached skill level 1 in Invocations
  5717 | D:6      | Killed Maggie the naga
  5782 | D:7      | Found a burning altar of Makhleb.
  5932 | D:7      | Found a sand-covered staircase.
  5949 | Ossuary  | Entered an ossuary
  6109 | Ossuary  | Reached * piety under Okawaru
  6534 | D:8      | Noticed a hornet
  6597 | D:7      | Killed a hornet
  6651 | D:8      | Found Jucaej's Antique Armour Shop.
  6748 | D:8      | Reached XP level 10. HP: 48/60 MP: 11/11
  6803 | D:8      | Noticed a cyclops
  6803 | D:8      | Noticed a kobold demonologist
  6803 | D:8      | Noticed a cyclops
  6806 | D:8      | Noticed an orange demon
  6807 | D:8      | Killed a cyclops
  6816 | D:8      | Killed a kobold demonologist
  6816 | D:8      | Reached ** piety under Okawaru
  6831 | D:8      | Killed a cyclops
  6868 | D:8      | Identified the +7 flail "Fasetuch" {heavy, Fragile rElec
                  | rC+++ Str+4}
  6869 | D:8      | Noticed a catoblepas
  6911 | D:8      | Killed a catoblepas
  7038 | D:8      | Reached *** piety under Okawaru
  7071 | D:8      | Noticed a two-headed ogre
  7102 | D:8      | Killed a two-headed ogre
  7128 | D:8      | Reached XP level 11. HP: 60/66 MP: 13/13
  7173 | D:8      | Reached **** piety under Okawaru
  7216 | D:8      | Found a staircase to the Lair.
  7440 | D:8      | Noticed Erica
  7464 | D:8      | Killed Erica
  7657 | D:8      | Noticed a six-headed hydra
  7657 | D:8      | Noticed a centaur warrior
  7665 | D:8      | Killed a two-headed hydra
  7684 | D:8      | Killed a centaur warrior
  7687 | D:8      | Reached ***** piety under Okawaru
  7795 | D:8      | Noticed a boulder beetle
  7795 | D:8      | Noticed a centaur warrior
  7816 | D:8      | Killed a centaur warrior
  7850 | D:8      | Killed a boulder beetle
  7860 | D:8      | Identified the ring "Buem" {Fly rF- rC+ rCorr Str+3}
  8018 | D:9      | Noticed a sixfirhy
  8032 | D:9      | Killed a sixfirhy
  8033 | D:9      | Reached skill level 10 in Armour
  8043 | D:9      | Reached skill level 10 in Shields
  8345 | D:9      | Reached skill level 5 in Invocations
  8405 | D:9      | Noticed a two-headed ogre
  8413 | D:9      | Killed a two-headed ogre
  8413 | D:9      | Identified the +2 halberd "Ipeafruf" {elec, *Slow rPois rF-
                  | Int+8} (Okawaru gifted it to you on level 9 of the Dungeon)
  8413 | D:9      | Received a gift from Okawaru
  8414 | D:9      | Reached skill level 5 in Dodging
  8414 | D:9      | Reached skill level 5 in Evocations
  8414 | D:9      | Reached XP level 12. HP: 34/72 MP: 12/15
  8804 | D:10     | Entered Level 10 of the Dungeon
  9037 | D:10     | Found an opulent altar of Gozag.
  9670 | D:10     | Found an ancient bone altar of Kikubaaqudgha.
  9672 | D:10     | Found a blossoming altar of Fedhas.
  9951 | D:11     | Noticed a boulder beetle
 10001 | D:10     | Killed a boulder beetle
 10081 | D:11     | Noticed Harold
 10117 | D:10     | Killed Harold
 10238 | D:11     | Noticed Lodul
 10431 | D:11     | Found a corrupted altar of Lugonu.
 10458 | D:11     | Killed Lodul
 10927 | D:12     | Found a staircase to the Orcish Mines.
 10980 | D:12     | Received a gift from Okawaru
 11196 | D:12     | Reached XP level 13. HP: 70/79 MP: 17/17
 11390 | D:12     | Identified a scroll of acquirement
 11390 | D:12     | Acquired the ring of Hazxijimn {rC+ Int-4 Dex+2 Slay+4
                  | SInv}
 11778 | D:13     | Acquired the +6 double sword "Dilideh" {speed, rElec rF+
                  | Dex+2}
 11914 | D:13     | Noticed a frost giant
 11927 | D:13     | Killed a frost giant
 11998 | D:13     | Noticed a stone giant
 12008 | D:13     | Killed a stone giant
 12060 | D:13     | Noticed a war gargoyle
 12078 | D:13     | Killed a war gargoyle
 12171 | D:13     | Noticed an ice dragon
 12184 | D:13     | Killed an ice dragon
 12184 | D:13     | Reached ****** piety under Okawaru
 12184 | D:13     | Received a gift from Okawaru
 12244 | D:13     | Reached skill level 10 in Long Blades
 12316 | D:13     | Found a runed translucent gate.
 12316 | D:13     | Found a runed translucent gate.
 12317 | D:13     | Found a runed translucent gate.
 12317 | D:13     | Noticed an azure jelly
 12317 | D:13     | Noticed an acid blob
 12317 | D:13     | Noticed an azure jelly
 12317 | D:13     | Noticed an acid blob
 12317 | D:13     | Noticed Buphadet's ghost (journeyman AtBe)
 12317 | D:13     | Noticed an azure jelly
 12317 | D:13     | Noticed an acid blob
 12317 | D:13     | Noticed an acid blob
 12317 | D:13     | Noticed a rockslime
 12317 | D:13     | Noticed a quicksilver ooze
 12318 | D:13     | Noticed an azure jelly
 12513 | D:13     | Noticed a fire giant
 12523 | D:13     | Killed a fire giant
 12595 | D:13     | Found a viscous altar of Jiyva.
 12717 | Lair:1   | Entered Level 1 of the Lair of Beasts
 13889 | Lair:2   | Noticed Gastronok
 13906 | Lair:2   | Killed Gastronok
 13972 | Lair:2   | Gained mutation: Your large and strong wings let you fly.
                  | [Gargoyle growth]
 13972 | Lair:2   | Reached XP level 14. HP: 86/86 MP: 19/19
 14346 | Lair:3   | Found a staircase to the Swamp.
 14456 | Lair:3   | Found a staircase to the Snake Pit.
 14612 | Lair:3   | Received a gift from Okawaru
 15299 | Lair:4   | Received a gift from Okawaru
 15299 | Lair:4   | Found the +9 sword of Zonguldrok {reap}
 15724 | Lair:4   | Found a viscous altar of Jiyva.
 15724 | Lair:4   | Found a staircase to the Slime Pits.
 15823 | Lair:5   | Entered Level 5 of the Lair of Beasts
 15982 | Lair:5   | Received a gift from Okawaru
 16018 | Lair:5   | Found a gate leading to a gauntlet.
 16028 | Gauntlet | Entered a Gauntlet
 16028 | Gauntlet | Found a transporter.
 16028 | Gauntlet | Found a transporter.
 16046 | Gauntlet | Found a transporter.
 16048 | Gauntlet | Found a transporter.
 16056 | Gauntlet | Found a transporter.
 16060 | Gauntlet | Found a transporter.
 16068 | Gauntlet | Found a transporter.
 16085 | Gauntlet | Found a runed translucent door.
 16088 | Gauntlet | Found a transporter.
 16090 | Gauntlet | Found a runed translucent door.
 16105 | Gauntlet | Found a transporter.
 16109 | Gauntlet | Found a transporter.
 16111 | Gauntlet | Found a runed translucent gate.
 16111 | Gauntlet | Found a runed translucent gate.
 16111 | Gauntlet | Found a runed translucent gate.
 16117 | Gauntlet | Found a transporter.
 16121 | Gauntlet | Found a transporter.
 16143 | Gauntlet | Found a runed translucent door.
 16367 | Gauntlet | Identified the amulet of Xuwnyhei {RegenMP +Inv rC- Regen+}
 16437 | Gauntlet | Identified the +11 scimitar of the Spectre {drain, Str+5}
 16460 | Gauntlet | Identified the amulet "Zemops" {Spirit Str+3}
 16460 | Gauntlet | Identified the +7 long sword "Jyomnou" {antimagic, *Noise
                  | rElec rN++ Stlth+}
 16699 | Lair:5   | Identified the +1 shadow dragon scales of Okawaru's
                  | Displeasure {Int+2 Stlth++++} (Okawaru gifted it to you on
                  | level 5 of the Lair of Beasts)
 16699 | Lair:5   | Received a gift from Okawaru
 16762 | Lair:5   | Reached skill level 10 in Fighting
 16812 | Lair:5   | Reached XP level 15. HP: 89/92 MP: 21/21
 17883 | Lair:5   | Found a runed translucent door.
 18065 | Lair:5   | Received a gift from Okawaru
 18380 | Orc:1    | Entered Level 1 of the Orcish Mines
 18565 | Orc:1    | Noticed SirDiesAlot's ghost (journeyman DsAr)
 18610 | Orc:1    | Found a transporter.
 18672 | Orc:1    | Found a transporter.
 18677 | Orc:1    | Found a bloodstained altar of Trog.
 19010 | Orc:2    | Entered Level 2 of the Orcish Mines
 19194 | Orc:2    | Found a staircase to the Elven Halls.
 19312 | Orc:2    | Noticed an orc warlord
 19342 | Orc:2    | Killed an orc warlord
 19634 | Orc:2    | Found Hexyahun's Weapon Shop.
 19634 | Orc:2    | Found Gippig's General Store.
 19639 | Orc:2    | Found Cusesk Virph's General Store.
 19639 | Orc:2    | Found Zasohu Mielu's Armour Emporium.
 19647 | Orc:2    | Bought a tin of tremorstones (2/2) for 480 gold pieces
 19648 | Orc:2    | Bought a +0 pair of gloves of strength for 207 gold pieces
 19661 | Orc:2    | Bought a potion of mutation for 88 gold pieces
 19661 | Orc:2    | Bought a wand of acid (6) for 277 gold pieces
 19661 | Orc:2    | Bought a scroll of teleportation for 33 gold pieces
 19880 | Orc:1    | Killed from afar by SirDiesAlot's ghost

Illustrated notes

Levels and vault maps discovered:
D:1:      dpeg_arrival_caged_fury, layout_basic
D:2:      layout_rooms, basic_altar, minmay_split_cup_small, uniq_natasha,
          uniq_jessica, uniq_robin, uniq_sigmund
D:3:      wander_river, layout_basic, nicolae_overflow_ecumenical_swirl,
          minmay_joined_circles, uniq_grinder
D:4:      layout_cave_pools, amcnicky_altar_gilded
D:5:      layout_loops_corners, serial_co_window_serial, co_window_corner_a,
          co_window_corner_a, co_window_corner_a, co_window_paths_a,
          co_window_of_opportunity_a, co_window_unsneaky_path_e,
          co_window_corner_cb, co_window_unsneaky_path_c, glass_columns_b,
          minmay_misc_feat_tower, chequers_decorated_corner
D:6:      layout_basic, temple_doors_e, minmay_quadrilaterals
D:7:      layout_cave_pools, mainiacjoe_overflow_24_doors, lemuel_round_altar,
          enter_ossuary_1, uniq_maggie
D:8:      nzn_winding_woodlands_large [nzn_winding_woodlands_5x5_closed_star,
          nzn_winding_woodlands_5x15_lazy_stream,
          nzn_winding_woodlands_5x5_open_star,
          nzn_winding_woodlands_center_lodge,
          nzn_winding_woodlands_15x15_boxy_spiral,
          nzn_winding_woodlands_center_triple_pond,
          nzn_winding_woodlands_5x5_perimeter,
          nzn_winding_woodlands_5x15_pathside_ponds,
          nzn_winding_woodlands_hourglass], layout_cave_pools,
          erik_lair_orcish_takeover, serial_shops, nicolae_shop_trees,
          uniq_erica
D:9:      layout_irregular_city, serial_demonic, serial_demonic_e,
          serial_demonic_g, serial_demonic_b, serial_demonic_b
D:10:     layout_stronghold, grunt_temple_overflow_growth_and_decay,
          mainiacjoe_overflow_cross_hatched, grunt_ministairs_6
D:11:     kennysheep_kobold_lugonu_temple, layout_cave_pods, uniq_harold,
          uniq_lodul
D:12:     layout_rooms, orc_0_dummy
D:13:     minmay_box_of_curves, layout_cave_pools, gammafunk_ghost_ooze
Temple:   nicolae_temple_superstar
Lair:1:   layout_cave_pods, serial_bayou_shore_b, grunt_megastairs_1
Lair:2:   layout_long_grid, minivault_24, uniq_gastronok
Lair:3:   layout_gridlike, skrybe_swamp_entry_bodies, dummy_snake_entry,
          nicolae_lair_liquid_snakes
Lair:4:   layout_roguey, dpeg_slime_entry_corner, dpeg_stationary_puzzle
Lair:5:   wormcave, layout_cave_pods, hangedman_lair_tendril_chambers,
          gauntlet_entry_generic, infiniplex_staircase_pool_2
Orc:1:    layout_diamond_mine, gammafunk_ghost_wrathful_warriors,
          lightli_orcish_oven
Orc:2:    grunt_orc_tribal_feast, layout_diamond_mine

Skill      XL: |  1  2  3  4  5  6  7  8  9 10 11 12 13 14 15 |
---------------+----------------------------------------------+-----
Long Blades    | 2 3 4 5 6 7 8 9 10 11 12 | 12.0
Armour         | 4 5 6 7 9 10 11 12 13 14 | 14.3
Dodging        | 1 2 3 4 5 6 7 |  7.5
Shields        | 4 5 6 7 8 10 11 12 13 14 | 14.2
Fighting       | 4 5 6 7 8 9 10 | 10.6
Evocations     | 1 2 3 4 5 6 7 8 |  8.0
Invocations    | 2 3 5 6 7 8 |  8.9

Action                     |  1- 3 |  4- 6 |  7- 9 | 10-12 | 13-15 || total
---------------------------+-------+-------+-------+-------+-------++-------
  Melee: Long sword        |    97 |   154 |   718 |    67 |       ||  1036
         Unarmed           |       |       |    19 |       |       ||    19
         Scimitar          |       |       |       |   809 |    90 ||   899
         Double sword      |       |       |       |       |  1351 ||  1351
 Invoke: Heroism           |       |       |       |    12 |    13 ||    25
         Finesse           |       |       |       |       |     1 ||     1
  Evoke: Wand              |       |       |     1 |     8 |     1 ||    10
    Use: Scroll            |     5 |       |    14 |    10 |     9 ||    38
         Potion            |       |     1 |     8 |     6 |     2 ||    17
   Stab: Petrified         |       |       |       |    10 |       ||    10
 Armour: Scale mail        |    61 |       |       |       |       ||    61
         Gold dragon scale |    55 |   151 |   995 |   868 |  1010 ||  3079
         Skin              |       |       |       |     3 |       ||     3
  Dodge: Dodged            |    53 |    11 |   148 |   215 |   297 ||   724
  Block: Buckler           |    28 |    35 |   292 |   326 |   477 ||  1158

Table legend: (Time is in decaauts)
 A = Elapsed time spent in this place.
 B = Non-inter-level travel time spent in this place.
 C = Inter-level travel time spent in this place.
 D = Time resting spent in this place.
 E = Time spent auto-exploring this place.
 F = Levels seen in this place.
 G = Mean time per level.
                   A        B        C        D        E       F      G
               +--------+--------+--------+--------+--------+-----+--------+
         Total |  19569 |  18539 |   1030 |    221 |  11903 |  23 |  850.8 |
       Dungeon |  12603 |  11942 |    661 |    221 |   7403 |  13 |  969.5 |
        Temple |    152 |    115 |     37 |      0 |    100 |   1 |  152.0 |
          Lair |   4803 |   4582 |    221 |      0 |   3456 |   5 |  960.6 |
  Orcish Mines |   1319 |   1210 |    109 |      0 |    751 |   2 |  659.5 |
       Ossuary |    229 |    229 |      0 |      0 |     84 |   1 |  229.0 |
      Gauntlet |    461 |    461 |      0 |      0 |    109 |   1 |  461.0 |
               +--------+--------+--------+--------+--------+-----+--------+

Top non-repeatable levels by time:
  Lair:5: 1687 daAuts
     D:8: 1482 daAuts
     D:5: 1237 daAuts
    D:10: 1196 daAuts
     D:6: 1162 daAuts
    D:13: 1039 daAuts
  Lair:1: 950 daAuts
  Lair:3: 936 daAuts
     D:3: 919 daAuts
    D:11: 905 daAuts
     D:1: 875 daAuts
     D:9: 824 daAuts
     D:2: 766 daAuts
     D:7: 763 daAuts
    D:12: 732 daAuts
